[Event "ICC tourney 2714 (40 10)"]
[Site "Internet Chess Club"]
[Date "2021.10.23"]
[Round "3"]
[White "SHI, WARREN:warren200"]
[Black "MENON, DHRUV:dmenon25"]
[Result "1-0"]
[ICCResult "Black resigns"]
[WhiteElo "607"]
[BlackElo "1202"]
[Opening "Ruy Lopez: exchange, Bronstein variation"]
[ECO "C68"]
[NIC "RL.08"]
[Time "15:30:22"]
[PlyCount "91"]
[TimeControl "2400+10"]

1. e4 e5 2. Nf3 Nc6 3. Bb5 a6 4. Bxc6 dxc6 5. O-O Qd6 6. Nc3 Nf6 7. d3 Be7
8. Be3 O-O 9. d4 exd4 10. Nxd4 Qd7 11. Nf5 Bd6 12. Bg5 Be5 13. Qxd7 Bxd7 14.
Ne7+ Kh8 15. Rfd1 Be6 16. f4 Bxc3 17. bxc3 Nxe4 18. Rd3 Nxg5 19. fxg5 Rfe8
20. Nxc6 bxc6 21. Rad1 Bd5 22. Kf2 Re7 23. Re3 Rxe3 24. Kxe3 Re8+ 25. Kd4
Rd8 26. Kc5 Kg8 27. c4 Kf8 28. cxd5 Rxd5+ 29. Rxd5 cxd5 30. Kxd5 Ke7 31. Kc6
Kd8 32. a4 Kc8 33. h3 f6 34. gxf6 gxf6 35. a5 h6 36. g4 Kb8 37. Kd7 Kb7 38.
c4 c5 39. Kd6 Kb8 40. Kxc5 Kc7 41. Kd5 Kd7 42. c5 Kc7 43. c6 Kc8 44. Kd6 Kd8
45. c7+ Kc8 46. h4 {Black resigns} 1-0

[Event "ICC tourney 2714 (40 10)"]
[Site "Internet Chess Club"]
[Date "2021.10.23"]
[Round "3"]
[White "SHAKIROV, DIYOR:Diyor"]
[Black "FILOSOFOV, VASILII:Filosofov"]
[Result "0-1"]
[ICCResult "White checkmated"]
[WhiteElo "1172"]
[BlackElo "1308"]
[Opening "French: advance variation"]
[ECO "C02"]
[NIC "FR.03"]
[Time "15:30:20"]
[PlyCount "106"]
[TimeControl "2400+10"]

1. e4 e6 2. d4 d5 3. e5 c5 4. c3 Qb6 5. Nf3 Nc6 6. b3 cxd4 7. cxd4 Bb4+ 8.
Bd2 Nxd4 9. Nxd4 Qxd4 10. Bb5+ Bd7 11. Bxd7+ Kxd7 12. Bxb4 Qxe5+ 13. Qe2
Qxa1 14. Qb5+ Kd8 15. O-O Qf6 16. Nc3 Ne7 17. Rd1 Rc8 18. Bxe7+ Qxe7 19. Na4
Qd7 20. Qd3 Ke7 21. Nc3 Rhd8 22. Re1 Kf8 23. Ne2 Kg8 24. Nf4 Qc7 25. Nh5 Qc3
26. Qe2 Qc2 27. Qe5 Qg6 28. Nf4 Qf6 29. Qxf6 gxf6 30. Nh5 f5 31. g3 d4 32.
Nf4 d3 33. Rd1 d2 34. Ne2 Rc2 35. a3 Rb2 36. b4 Rb3 37. a4 Rxb4 38. Nc3 Rc4
39. Ne2 Rxa4 40. Kg2 a5 41. Nc3 Rc4 42. Ne2 a4 43. Kf3 a3 44. Ke3 a2 45. Nf4
Rc1 46. Rxd2 Rxd2 47. Kxd2 a1=Q 48. Nd3 Qc3+ 49. Ke2 Rc2+ 50. Kf3 Qxd3+ 51.
Kg2 Qe2 52. Kh3 Qxf2 53. g4 Qxh2# {White checkmated} 0-1

[Event "ICC tourney 2714 (40 10)"]
[Site "Internet Chess Club"]
[Date "2021.10.23"]
[Round "3"]
[White "YENIGALLA, MANAS:K06-30081118"]
[Black "MILLER, JOHN:jorymil"]
[Result "1-0"]
[ICCResult "Black resigns"]
[WhiteElo "431"]
[BlackElo "1262"]
[Opening "Scotch gambit"]
[ECO "C44"]
[NIC "SO.06"]
[Time "15:30:22"]
[PlyCount "101"]
[TimeControl "2400+10"]

1. e4 e5 2. Nf3 Nc6 3. d4 exd4 4. Bc4 Bb4+ 5. c3 dxc3 6. O-O Nge7 7. Nxc3
O-O 8. a3 Bxc3 9. bxc3 d6 10. Bg5 Bg4 11. h3 Bh5 12. Re1 Bxf3 13. Qxf3 Ne5
14. Qe2 Nxc4 15. Qxc4 Qd7 16. Rad1 Ng6 17. e5 Rfe8 18. exd6 Rxe1+ 19. Rxe1
Qxd6 20. Qe4 h6 21. Be3 Qe5 22. Qxb7 Re8 23. Qxa7 Qxc3 24. Rc1 Qe5 25. Qxc7
Qb2 26. Qc3 Rb8 27. Qxb2 Rxb2 28. Ra1 Rb8 29. a4 Ra8 30. a5 Ne7 31. Bf4 Nc6
32. a6 Kf8 33. Bd6+ Ke8 34. Bc5 Kd7 35. a7 Kc8 36. Kh2 g6 37. Kg3 Kb7 38. h4
Nxa7 39. Rxa7+ Rxa7 40. Bxa7 Kxa7 41. Kg4 Kb7 42. f4 Kc7 43. f5 Kd7 44. fxg6
fxg6 45. h5 gxh5+ 46. Kxh5 Ke7 47. Kxh6 Kf8 48. g4 Kf7 49. g5 Kg8 50. Kg6
Kh8 51. Kf7 {Black resigns} 1-0

[Event "ICC tourney 2714 (40 10)"]
[Site "Internet Chess Club"]
[Date "2021.10.23"]
[Round "3"]
[White "LI, MASON JIN:K03-16739697"]
[Black "GANDHI, ISHAN D:awesomeshawn"]
[Result "1/2-1/2"]
[ICCResult "Game drawn by mutual agreement"]
[WhiteElo "1369"]
[BlackElo "970"]
[Opening "Queen's pawn, Mason variation"]
[ECO "D00"]
[NIC "QP.08"]
[Time "15:30:30"]
[PlyCount "67"]
[TimeControl "2400+10"]

1. d4 d5 2. Bf4 Nf6 3. e3 Bf5 4. c4 e6 5. Nc3 dxc4 6. Bxc4 Bb4 7. Ne2 O-O 8.
O-O Ne4 9. Nxe4 Bxe4 10. Rc1 c6 11. Qb3 Qb6 12. Nc3 Bxc3 13. bxc3 Qxb3 14.
axb3 b5 15. Be2 Nd7 16. c4 b4 17. Bd6 Rfc8 18. Bxb4 a5 19. Bd6 Ra6 20. c5
Ra7 21. Ra1 Bd5 22. b4 a4 23. Ra3 Bb3 24. Rfa1 Rca8 25. Bf3 Bd5 26. Bd1 g6
27. Bxa4 Bc4 28. e4 Bb5 29. d5 Rxa4 30. Rxa4 Rxa4 31. Rxa4 Bxa4 32. dxc6
Bxc6 33. e5 f6 34. f4 {Game drawn by mutual agreement} 1/2-1/2

[Event "ICC tourney 2714 (40 10)"]
[Site "Internet Chess Club"]
[Date "2021.10.23"]
[Round "3"]
[White "PAQUET, BENJAMIN:BenPaquet"]
[Black "Kale, Shubham:shubham07"]
[Result "0-1"]
[ICCResult "White resigns"]
[WhiteElo "901"]
[BlackElo "1353"]
[Opening "Robatsch defense: two knights variation"]
[ECO "B06"]
[NIC "KF.05"]
[Time "15:31:12"]
[PlyCount "122"]
[TimeControl "2400+10"]

1. e4 g6 2. d4 Bg7 3. Nf3 d6 4. Nc3 Nd7 5. Bc4 e6 6. O-O a6 7. d5 e5 8. Be3
b5 9. Bd3 Ngf6 10. Bg5 O-O 11. Qd2 Nc5 12. Bh6 Rb8 13. Bxg7 Kxg7 14. a3 b4
15. axb4 Rxb4 16. b3 Rb8 17. Rfe1 Nh5 18. Bxa6 Bxa6 19. Na4 Nxa4 20. Rxa4
Bb5 21. Raa1 Nf4 22. g3 Nh5 23. c4 Bd7 24. Rab1 Bg4 25. Nh4 Qf6 26. Qe3 g5
27. Ng2 Bh3 28. Qe2 Bxg2 29. Kxg2 Qg6 30. b4 Nf6 31. c5 Nd7 32. cxd6 cxd6
33. Qg4 f5 34. exf5 Qxf5 35. Qxf5 Rxf5 36. Rec1 Rf7 37. b5 Nc5 38. b6 Rfb7
39. Rf1 Rxb6 40. Rxb6 Rxb6 41. f4 gxf4 42. gxf4 Rb2+ 43. Kg3 Ne4+ 44. Kh3
Rb3+ 45. Kh4 Rd3 46. fxe5 dxe5 47. Re1 Rd4 48. Kh3 Kf7 49. Kg2 Ke7 50. Kf3
Nd2+ 51. Ke2 Kd6 52. Rd1 Kxd5 53. Rxd2 Rxd2+ 54. Kxd2 Kd4 55. Ke2 Ke4 56.
Kf2 Kd3 57. Ke1 Ke3 58. h3 h6 59. h4 h5 60. Kd1 Kf2 61. Kd2 e4 {White
resigns} 0-1

[Event "ICC tourney 2714 (40 10)"]
[Site "Internet Chess Club"]
[Date "2021.10.23"]
[Round "3"]
[White "SHAH-GUSTAFSSON, LINNEA:Saga44"]
[Black "Madhav, Krishay:krishaychess"]
[Result "1-0"]
[ICCResult "Black checkmated"]
[WhiteElo "1146"]
[BlackElo "669"]
[Opening "Caro-Kann: exchange variation"]
[ECO "B13"]
[NIC "CK.02"]
[Time "15:30:18"]
[PlyCount "145"]
[TimeControl "2400+10"]

1. e4 c6 2. d4 d5 3. exd5 cxd5 4. Nf3 e6 5. Nc3 Nf6 6. Bb5+ Bd7 7. Bxd7+
Nbxd7 8. O-O Qc7 9. Re1 O-O-O 10. Qd3 Bd6 11. Bg5 h6 12. Nb5 Qb6 13. Nxd6+
Qxd6 14. Bh4 g5 15. Bg3 Qc6 16. Ne5 Nxe5 17. Bxe5 Ne4 18. Bxh8 Rxh8 19. f3
Nd6 20. b3 Kd7 21. Rac1 Qb6 22. c4 dxc4 23. bxc4 Nf5 24. c5 Qb4 25. Rc4 Qb5
26. Rec1 Rd8 27. Qb3 Qc6 28. Rd1 Ke7 29. a3 Qa6 30. Kf2 e5 31. d5 Rc8 32.
d6+ Kd7 33. Qa4+ Qxa4 34. Rxa4 Rxc5 35. Rxa7 Rb5 36. a4 Rb2+ 37. Ke1 Ne3 38.
Rd2 Nxg2+ 39. Kd1 Ne3+ 40. Ke2 Rb3 41. a5 Nc4 42. Rd5 Nxd6 43. Rxe5 Kc6 44.
a6 Rb2+ 45. Kd3 b6 46. Re2 Rb3+ 47. Kd2 Rxf3 48. Ra8 Nc4+ 49. Ke1 Ra3 50. a7
Kb7 51. Ree8 Rxa7 52. Rxa7+ Kxa7 53. Re7+ Ka6 54. Rxf7 b5 55. Rf6+ Ka5 56.
Rxh6 b4 57. Rg6 Ka4 58. Rxg5 b3 59. Kd1 Ka3 60. h4 b2 61. Rb5 Ne5 62. Kc2
Ng6 63. h5 Nf8 64. h6 Nh7 65. Rxb2 Nf8 66. Rb8 Nh7 67. Rb7 Nf6 68. Rf7 Ng4
69. h7 Ne5 70. h8=Q Nxf7 71. Qf8+ Ka2 72. Qxf7+ Ka1 73. Qa7# {Black
checkmated} 1-0

[Event "ICC tourney 2714 (40 10)"]
[Site "Internet Chess Club"]
[Date "2021.10.23"]
[Round "3"]
[White "procopio, Patti:prostripe"]
[Black "Morgan, Lakshmi M:luckylol3"]
[Result "0-1"]
[ICCResult "White resigns"]
[WhiteElo "1047"]
[BlackElo "1192"]
[Opening "Queen's pawn, Mason variation"]
[ECO "D00"]
[NIC "QP.08"]
[Time "15:31:12"]
[PlyCount "116"]
[TimeControl "2400+10"]

1. d4 d5 2. Bf4 e6 3. Nf3 c6 4. c3 Bd6 5. Bxd6 Qxd6 6. Nbd2 Nf6 7. e3 Nbd7
8. Bd3 c5 9. O-O O-O 10. Qc2 b6 11. Ng5 h6 12. Nh7 Re8 13. Nxf6+ Nxf6 14.
Bb5 Bd7 15. Bxd7 Qxd7 16. Nf3 Qd6 17. Ne5 Rad8 18. Qa4 Qc7 19. Qc6 Qxc6 20.
Nxc6 Rd7 21. Ne5 Rc7 22. Rac1 c4 23. h3 Ne4 24. f3 Ng3 25. Rf2 f6 26. Ng4 h5
27. Nh2 Nf5 28. Re1 e5 29. e4 exd4 30. cxd4 Nxd4 31. Rd1 Ne6 32. Rxd5 g6 33.
g3 c3 34. bxc3 Rxc3 35. Rd6 Kf7 36. Kg2 Nc5 37. Rfd2 f5 38. exf5 gxf5 39.
Rh6 Rd3 40. Rxd3 Nxd3 41. Rh7+ Kg6 42. Rxa7 Re2+ 43. Kg1 Re1+ 44. Nf1 f4 45.
g4 hxg4 46. hxg4 Rb1 47. a4 Ne5 48. Kf2 Rb2+ 49. Ke1 Nxf3+ 50. Kd1 Rb1+ 51.
Ke2 Nd4+ 52. Kd3 Rd1+ 53. Nd2 Nb3 54. Kc2 Rxd2+ 55. Kxb3 f3 56. Ra6 Rd6 57.
a5 f2 58. axb6 f1=Q {White resigns} 0-1

[Event "ICC tourney 2714 (40 10)"]
[Site "Internet Chess Club"]
[Date "2021.10.23"]
[Round "3"]
[White "ANGEL, BORYS:BArkadia"]
[Black "Carr, Kevin:BobbyKnight"]
[Result "0-1"]
[ICCResult "White checkmated"]
[WhiteElo "1380"]
[BlackElo "1279"]
[Opening "Caro-Kann: classical variation"]
[ECO "B18"]
[NIC "CK.10"]
[Time "15:30:22"]
[PlyCount "152"]
[TimeControl "2400+10"]

1. e4 c6 2. d4 d5 3. Nc3 dxe4 4. Nxe4 Bf5 5. Ng3 Bg6 6. Nf3 h6 7. Bd3 Bxd3
8. Qxd3 Nf6 9. O-O e6 10. Bf4 Nbd7 11. Rfe1 Nd5 12. Bd2 Bd6 13. Ne5 Qc7 14.
Nxd7 Qxd7 15. Nf5 O-O-O 16. Nxd6+ Qxd6 17. c4 Nf4 18. Bxf4 Qxf4 19. d5 cxd5
20. cxd5 Rxd5 21. Qc3+ Kb8 22. Rac1 Rhd8 23. g3 Qd6 24. Qxg7 Rd2 25. Qxf7
Rf8 26. Qxe6 Qxe6 27. Rxe6 Rdxf2 28. Rce1 Rxb2 29. R6e2 Rxe2 30. Rxe2 a6 31.
Kg2 Rf6 32. Rb2 Ka7 33. a4 a5 34. h4 Ka6 35. Kh3 h5 36. Kg2 Rf5 37. Kh3 b5
38. axb5+ Rxb5 39. Ra2 Rb3 40. Rf2 a4 41. Rf5 Rb5 42. Rf8 Ka5 43. g4 Rb3+
44. Kg2 hxg4 45. Ra8+ Kb4 46. Rb8+ Ka3 47. Rg8 Kb2 48. Rxg4 a3 49. Ra4 a2
50. Kh2 a1=Q 51. Rxa1 Kxa1 52. Kg2 Ka2 53. Kh2 Ka3 54. Kg2 Kb4 55. Kf2 Rh3
56. h5 Rxh5 57. Kg3 Rf5 58. Kg4 Rf1 59. Kg3 Kc4 60. Kg2 Rf8 61. Kg3 Kd4 62.
Kg4 Ke5 63. Kg3 Ke4 64. Kg4 Rg8+ 65. Kh5 Kf5 66. Kh6 Kf6 67. Kh5 Kf5 68. Kh6
Rg1 69. Kh7 Kf6 70. Kh8 Rg2 71. Kh7 Rg3 72. Kh8 Rh3+ 73. Kg8 Kg6 74. Kf8 Kf6
75. Kg8 Rh4 76. Kf8 Rh8# {White checkmated} 0-1

[Event "ICC tourney 2714 (40 10)"]
[Site "Internet Chess Club"]
[Date "2021.10.23"]
[Round "3"]
[White "Wu, Zhuoyuan:Jake000"]
[Black "DIXIT, RAAJAS KUNAL:raadix028"]
[Result "0-1"]
[ICCResult "White resigns"]
[WhiteElo "1002"]
[BlackElo "1175"]
[Opening "Sicilian: dragon, Yugoslav attack, 9...Bd7"]
[ECO "B77"]
[NIC "SI.18"]
[Time "15:30:27"]
[PlyCount "87"]
[TimeControl "2400+10"]

1. e4 c5 2. Nf3 d6 3. d4 cxd4 4. Nxd4 Nf6 5. Nc3 g6 6. Be3 Bg7 7. f3 O-O 8.
Bc4 Nc6 9. Qd2 Bd7 10. g4 Rc8 11. Bb3 Ne5 12. h4 Nc4 13. Bxc4 Rxc4 14. h5
Qc7 15. Nde2 Rc8 16. hxg6 fxg6 17. Bh6 Bh8 18. Bg5 e6 19. Bxf6 Bxf6 20. Rc1
b5 21. a3 a5 22. Kd1 b4 23. axb4 axb4 24. Na2 Bxb2 25. Rb1 Ba3 26. c3 Ba4+
27. Ke1 bxc3 28. Naxc3 Bb4 29. Rxb4 Rxb4 30. Kf2 Qc5+ 31. Kg2 Rc4 32. Nxa4
Rxa4 33. Rc1 Rc4 34. Rxc4 Qxc4 35. Kg3 d5 36. exd5 exd5 37. Qe3 Qc7+ 38. Kg2
Kf8 39. Nd4 Qc3 40. Qf4+ Kg8 41. Qe5 Qb2+ 42. Kg3 Qb8 43. Kf4 Rf8+ 44. Nf5
{White resigns}
0-1

[Event "ICC tourney 2714 (40 10)"]
[Site "Internet Chess Club"]
[Date "2021.10.23"]
[Round "3"]
[White "YAMASAKI, DAWSON YOSHIO:Darston"]
[Black "Batra, Ansh:K09-16342642"]
[Result "1-0"]
[ICCResult "Black checkmated"]
[WhiteElo "1198"]
[BlackElo "947"]
[Opening "Sicilian"]
[ECO "B50"]
[NIC "SI.01"]
[Time "15:30:25"]
[PlyCount "111"]
[TimeControl "2400+10"]

1. e4 c5 2. Nf3 d6 3. c3 Nf6 4. e5 dxe5 5. Nxe5 e6 6. Bb5+ Bd7 7. Nxd7 Nbxd7
8. O-O a6 9. Be2 Be7 10. d4 cxd4 11. cxd4 O-O 12. Nc3 Rc8 13. Bf3 Qb6 14. d5
Nc5 15. dxe6 Nxe6 16. Qe2 Rfe8 17. Be3 Nd4 18. Bxd4 Qxd4 19. Bxb7 Rb8 20.
Bc6 Ba3 21. Bxe8 Rxb2 22. Bxf7+ Kxf7 23. Qe3 Qc4 24. Ne4 Qxe4 25. Qxa3 Qb7
26. Rad1 Rb5 27. Rfe1 Rg5 28. Qb3+ Qxb3 29. axb3 Rb5 30. Rd3 Rc5 31. g3 Rc2
32. h3 Rc6 33. Kg2 Rb6 34. g4 h6 35. Kg3 a5 36. Re5 g5 37. Rxa5 Ne4+ 38. Kf3
Nd6 39. Ke2 Nb7 40. Rf5+ Kg6 41. Kd2 Rc6 42. Rc3 Rd6+ 43. Kc2 Re6 44. b4
Re2+ 45. Kb3 Re6 46. b5 Rb6 47. Kb4 Nd6 48. Rc6 Rxc6 49. bxc6 h5 50. c7 hxg4
51. hxg4 Kh6 52. Rf6+ Kg7 53. Rxd6 Kf7 54. c8=Q Ke7 55. Qc7+ Ke8 56. Rd8#
{Black checkmated}
1-0

[Event "ICC tourney 2714 (40 10)"]
[Site "Internet Chess Club"]
[Date "2021.10.23"]
[Round "3"]
[White "LOWENFELD, ANNA:LionsAnnaL"]
[Black "MORGAN, CHARLES C:Chasly"]
[Result "0-1"]
[ICCResult "White checkmated"]
[WhiteElo "590"]
[BlackElo "714"]
[Opening "Sicilian: closed"]
[ECO "B23"]
[NIC "SI.44"]
[Time "15:30:26"]
[PlyCount "90"]
[TimeControl "2400+10"]

1. e4 c5 2. Nc3 e6 3. d3 h6 4. Nf3 a6 5. Bf4 Be7 6. Be2 Nf6 7. O-O b5 8. d4
d5 9. exd5 Nxd5 10. Qd2 c4 11. Ne5 Bb7 12. Bf3 Bf6 13. Ng4 Ra7 14. Rfe1 Nxc3
15. Qxc3 Bxd4 16. Qd2 Bxf3 17. gxf3 Qb6 18. Be3 Nc6 19. c3 Bxe3 20. fxe3 O-O
21. Qd6 Rd8 22. Qf4 Rd5 23. Kh1 Rf5 24. Qe4 Rd7 25. Rg1 Kf8 26. Rae1 Rdd5
27. Nf2 Rde5 28. Qg4 Rg5 29. Qf4 Rxg1+ 30. Rxg1 Rf5 31. Qd6+ Kg8 32. Qd7 Rd5
33. Qe8+ Kh7 34. Qxf7 Rg5 35. Rf1 Ne5 36. Qf4 Rf5 37. Qxe5 Rxe5 38. Ng4 Rf5
39. e4 Rf4 40. Ne5 Qe3 41. Rg1 Qd2 42. Ng6 Rxf3 43. Nh4 Rh3 44. Ng2 Qxb2 45.
Nf4 Qxh2# {White checkmated} 0-1

[Event "ICC tourney 2714 (40 10)"]
[Site "Internet Chess Club"]
[Date "2021.10.23"]
[Round "3"]
[White "GANAPATHY, AISHWARYA LAKSHMI:alg142"]
[Black "WALLACE, KEVIN BRUCE:KingWallace"]
[Result "1-0"]
[ICCResult "Black resigns"]
[WhiteElo "1135"]
[BlackElo "1287"]
[Opening "Nimzo-Indian: classical variation"]
[ECO "E32"]
[NIC "NI.24"]
[Time "15:30:20"]
[PlyCount "111"]
[TimeControl "2400+10"]

1. d4 Nf6 2. c4 e6 3. Nc3 Bb4 4. Qc2 O-O 5. Nf3 b6 6. e4 Bb7 7. Bd3 d6 8. e5
dxe5 9. dxe5 Nfd7 10. Bxh7+ Kh8 11. Be4 c6 12. h4 Qc7 13. h5 Nxe5 14. h6
Nxf3+ 15. gxf3 g6 16. a3 Bd6 17. b4 Kh7 18. Bb2 Be5 19. Ne2 Nd7 20. f4 Bh8
21. O-O-O c5 22. Bxb7 Qxb7 23. Ng3 Nf6 24. Nh5 Nxh5 25. Rxh5 Bxb2+ 26. Qxb2
f6 27. Rh3 Qc7 28. Qd2 Rad8 29. Qe3 Rxd1+ 30. Kxd1 Qd6+ 31. Kc2 cxb4 32.
axb4 Rc8 33. Qd3 Qc6 34. Kb3 Qe8 35. Qd4 Qe7 36. Rd3 Rc7 37. Qd6 Kxh6 38.
Qxe7 Rxe7 39. c5 Kg7 40. c6 Kf7 41. Ka4 Ke8 42. Kb5 Rc7 43. Ra3 Ke7 44. Rxa7
Rxa7 45. Kxb6 Ra1 46. b5 Kd8 47. Kb7 Rc1 48. b6 Rxc6 49. Kxc6 Kc8 50. Kd6
Kb7 51. Kxe6 Kxb6 52. Kxf6 Kc6 53. Kxg6 Kd7 54. Kf7 Kd8 55. f5 Kd7 56. f6
{Black resigns}
1-0

[Event "ICC tourney 2714 (40 10)"]
[Site "Internet Chess Club"]
[Date "2021.10.23"]
[Round "3"]
[White "LA BRECHE, NATHANAEL JOHN:aWildNateDawg"]
[Black "Zhan, Jayden Zihan:Viperchess001"]
[Result "0-1"]
[ICCResult "White forfeits on time"]
[WhiteElo "1337"]
[BlackElo "1162"]
[Opening "French defense"]
[ECO "C00"]
[NIC "FR.01"]
[Time "15:30:24"]
[PlyCount "108"]
[TimeControl "2400+10"]

1. e4 e6 2. Nc3 c5 3. d4 cxd4 4. Qxd4 Nc6 5. Qd1 Nf6 6. Be3 Bb4 7. Bd3 O-O
8. Ne2 Ne5 9. O-O Nfg4 10. Bf4 Ng6 11. Bg3 Nf6 12. a3 Bc5 13. Nb5 Bb6 14.
Nd6 Nh5 15. Nxc8 Nxg3 16. Nxg3 Rxc8 17. Rc1 Ne5 18. Kh1 Qh4 19. f3 Be3 20.
Rb1 Bf4 21. Qe1 Nxd3 22. cxd3 Rc2 23. Kg1 Be5 24. b4 Bc3 25. Qe3 Be5 26. f4
Bc7 27. Kh1 Bb6 28. Qf3 Rfc8 29. f5 e5 30. Ne2 Ra2 31. Rfc1 Rcc2 32. Rxc2
Rxc2 33. g3 Qg5 34. Rd1 Qe3 35. Qxe3 Bxe3 36. Ng1 Ra2 37. Re1 Bd4 38. Rc1 f6
39. Nf3 Be3 40. Rc7 Rf2 41. Nh4 Ra2 42. Rxb7 Rxa3 43. Rxd7 Rb3 44. Kg2 Rxb4
45. Nf3 Rb2+ 46. Kh3 h6 47. Rd8+ Kf7 48. Rd7+ Kf8 49. Nh4 Ke8 50. Rxg7 a5
51. Ng6 Bc5 52. Rg8+ Kd7 53. Ra8 Ra2 54. Nf8+ Kc6 {White forfeits on time}
0-1

[Event "ICC tourney 2714 (40 10)"]
[Site "Internet Chess Club"]
[Date "2021.10.23"]
[Round "4"]
[White "COHEN-RIDER, TRISTAN:TristanCR"]
[Black "SHI, WARREN:warren200"]
[Result "1-0"]
[ICCResult "Black resigns"]
[WhiteElo "1171"]
[BlackElo "607"]
[Opening "QGA, 4.Nc3"]
[ECO "D24"]
[NIC "QP.08"]
[Time "17:45:57"]
[PlyCount "25"]
[TimeControl "2400+10"]

1. d4 d5 2. c4 Nf6 3. Nc3 dxc4 4. Nf3 Bf5 5. e3 e6 6. Bxc4 Bb4 7. Qa4+ Qd7
8. Qxb4 Nc6 9. Qb3 O-O-O 10. Bb5 a6 11. Ne5 Qe7 12. Nxc6 bxc6 13. Bxc6
{Black resigns}
1-0

[Event "ICC tourney 2714 (40 10)"]
[Site "Internet Chess Club"]
[Date "2021.10.23"]
[Round "4"]
[White "LABELLE, MATTHEW NICHOLAS:LaBelleM"]
[Black "PAN, CHRIS:Chris0708"]
[Result "1-0"]
[ICCResult "Black resigns"]
[WhiteElo "1125"]
[BlackElo "1300"]
[Opening "Scotch gambit: Dubois-Réti defense"]
[ECO "C55"]
[NIC "KP.02"]
[Time "17:45:54"]
[PlyCount "42"]
[TimeControl "2400+10"]

1. e4 e5 2. Nf3 Nc6 3. d4 exd4 4. Bc4 Nf6 5. e5 Ng8 6. Bg5 Be7 7. O-O Bxg5
8. c3 dxc3 9. Qd5 Nh6 10. Nxc3 Nb4 11. Qc5 Na6 12. Qa5 Be7 13. Bxa6 bxa6 14.
Nd5 c6 15. Nc7+ Kf8 16. Rad1 Rb8 17. e6 fxe6 18. Nxe6+ dxe6 19. Rxd8+ Bxd8
20. Qxd8+ Kf7 21. Qxh8 Bd7 {Black resigns} 1-0

[Event "ICC tourney 2714 (40 10)"]
[Site "Internet Chess Club"]
[Date "2021.10.23"]
[Round "4"]
[White "SAWYER, TIMOTHY A:tasawyer81"]
[Black "SARAVIA, KYLE AUSTIN:Kyle45"]
[Result "0-1"]
[ICCResult "White resigns"]
[WhiteElo "771"]
[BlackElo "1289"]
[Opening "Queen's Indian accelerated"]
[ECO "A50"]
[NIC "QP.07"]
[Time "17:45:48"]
[PlyCount "48"]
[TimeControl "2400+10"]

1. d4 Nf6 2. c4 b6 3. Nf3 Bb7 4. Nc3 d5 5. e3 e6 6. Be2 Bd6 7. O-O dxc4 8.
Bxc4 Nbd7 9. Re1 Ne4 10. d5 Nxc3 11. bxc3 Ne5 12. Nxe5 Bxe5 13. dxe6 Bxc3
14. exf7+ Ke7 15. Ba3+ c5 16. Rf1 Bxa1 17. Qxa1 Kf8 18. Bb2 Qg5 19. g3 Rd8
20. h4 Qg6 21. Rd1 Rxd1+ 22. Qxd1 Ke7 23. Be5 Rd8 24. Qe2 Qe4 {White
resigns} 0-1

[Event "ICC tourney 2714 (40 10)"]
[Site "Internet Chess Club"]
[Date "2021.10.23"]
[Round "4"]
[White "WALLACE, KEVIN BRUCE:KingWallace"]
[Black "Wu, Zhuoyuan:Jake000"]
[Result "0-1"]
[ICCResult "White resigns"]
[WhiteElo "1287"]
[BlackElo "1002"]
[Opening "QGD: exchange variation"]
[ECO "D35"]
[NIC "QO.16"]
[Time "17:45:59"]
[PlyCount "71"]
[TimeControl "2400+10"]

1. d4 d5 2. c4 e6 3. Nc3 Nf6 4. cxd5 Nxd5 5. e4 Nxc3 6. bxc3 c5 7. Be3 cxd4
8. Bb5+ Nc6 9. cxd4 Qa5+ 10. Qd2 Qxb5 11. Qd1 Bb4+ 12. Bd2 Nxd4 13. Nf3
Nxf3+ 14. gxf3 Qa5 15. Bxb4 Qxb4+ 16. Kf1 Bd7 17. Kg2 Qe7 18. Rb1 Bc6 19.
Rg1 Rd8 20. Qc1 O-O 21. Kh1 Qh4 22. Rg3 Rd7 23. Qa3 Rd2 24. Qxa7 h6 25. Rf1
Rfd8 26. Qc5 Rxa2 27. Qe5 g6 28. Rxg6+ fxg6 29. Qxe6+ Kh8 30. Qxa2 Qf4 31.
Qb2+ Kh7 32. Qb3 Rf8 33. Kg2 Qg5+ 34. Kh1 Qh4 35. Qe6 Qf4 36. Qe8
{White resigns}
0-1

[Event "ICC tourney 2714 (40 10)"]
[Site "Internet Chess Club"]
[Date "2021.10.23"]
[Round "4"]
[White "FOX, MICHAEL:CajunWyoCowboy"]
[Black "HARWIN, JACOB FLYNN:jharwin2011"]
[Result "1-0"]
[ICCResult "Black checkmated"]
[WhiteElo "1057"]
[BlackElo "965"]
[Opening "Scotch game"]
[ECO "C45"]
[NIC "SO.05"]
[Time "17:45:53"]
[PlyCount "99"]
[TimeControl "2400+10"]

1. e4 e5 2. Nf3 Nc6 3. d4 exd4 4. Nxd4 Bc5 5. Be3 Nf6 6. Nc3 d5 7. exd5 Nxd5
8. Bb5 Bd7 9. Nxd5 O-O 10. O-O Be8 11. Nxc6 bxc6 12. Bxc5 cxb5 13. Bxf8 Kxf8
14. Qd3 Bc6 15. Nf4 Qf6 16. Nh5 Qg5 17. Ng3 h5 18. f3 h4 19. Ne4 Qg6 20. h3
Ke7 21. Rae1 Bd7 22. Nc5+ Kd8 23. Qxg6 fxg6 24. Nxd7 Kxd7 25. Rd1+ Kc6 26.
b4 a5 27. a3 axb4 28. axb4 Ra4 29. c3 Ra3 30. Rc1 Kd5 31. Rfd1+ Kc4 32. Rd7
Kb3 33. Rxc7 Kb2 34. Re1 g5 35. c4 g4 36. hxg4 bxc4 37. Rxc4 h3 38. Kh2 hxg2
39. Kxg2 Ra2 40. Re2+ Kb3 41. Rxa2 Kxc4 42. Rb2 Kd5 43. b5 g5 44. Rc2 Kd6
45. b6 Kd7 46. b7 Kd8 47. b8=Q+ Kd7 48. Qb6 Ke7 49. Rc7+ Kd8 50. Qb8#
{Black checkmated}
1-0

[Event "ICC tourney 2714 (40 10)"]
[Site "Internet Chess Club"]
[Date "2021.10.23"]
[Round "4"]
[White "MILLER, JOHN:jorymil"]
[Black "Madhav, Atishay:atishaychess"]
[Result "1-0"]
[ICCResult "Black resigns"]
[WhiteElo "1262"]
[BlackElo "471"]
[Opening "QGD: 3.Nc3"]
[ECO "D31"]
[NIC "QP.08"]
[Time "17:45:50"]
[PlyCount "49"]
[TimeControl "2400+10"]

1. d4 d5 2. c4 e6 3. Nc3 dxc4 4. e4 c5 5. Nf3 cxd4 6. Qxd4 Qxd4 7. Nxd4 e5
8. Nf3 Nc6 9. Bxc4 Nf6 10. O-O Bc5 11. a3 Bg4 12. Nd2 Na5 13. Bb5+ Kf8 14.
b4 Bxb4 15. axb4 Nc6 16. Bxc6 bxc6 17. Ba3 c5 18. bxc5 Rc8 19. f3 Bd7 20.
Nd5 Nxd5 21. exd5 Bb5 22. Rfe1 Ke7 23. Rxe5+ Kf6 24. Rae1 Rhd8 25. d6
{Black resigns}
1-0

[Event "ICC tourney 2714 (40 10)"]
[Site "Internet Chess Club"]
[Date "2021.10.23"]
[Round "4"]
[White "MENON, DHRUV:dmenon25"]
[Black "MCAVOY, JESSE COLE:BlueDuck"]
[Result "0-1"]
[ICCResult "White checkmated"]
[WhiteElo "1202"]
[BlackElo "899"]
[Opening "Sicilian defense"]
[ECO "B32"]
[NIC "SI.32"]
[Time "17:45:56"]
[PlyCount "50"]
[TimeControl "2400+10"]

1. e4 c5 2. Nf3 Nc6 3. d4 cxd4 4. Nxd4 d6 5. Bc4 g6 6. Nc3 Bg7 7. Nxc6 bxc6
8. O-O Nf6 9. Be3 O-O 10. Qd2 Ng4 11. Bf4 Rb8 12. h3 e5 13. Bg5 Bf6 14. Bxf6
Nxf6 15. Qh6 Nh5 16. Be2 Nf4 17. Bc4 Rxb2 18. Bb3 Nh5 19. Na4 Qh4 20. Nxb2
Bxh3 21. Qe3 Nf4 22. gxh3 Nxh3+ 23. Kg2 Nf4+ 24. Kg1 Qg4+ 25. Kh2 Qg2#
{White checkmated}
0-1

[Event "ICC tourney 2714 (40 10)"]
[Site "Internet Chess Club"]
[Date "2021.10.23"]
[Round "4"]
[White "FILOSOFOV, VASILII:Filosofov"]
[Black "Morgan, Lakshmi M:luckylol3"]
[Result "1-0"]
[ICCResult "Black resigns"]
[WhiteElo "1308"]
[BlackElo "1192"]
[Opening "Scotch gambit: Dubois-Réti defense"]
[ECO "C55"]
[NIC "KP.02"]
[Time "17:45:49"]
[PlyCount "45"]
[TimeControl "2400+10"]

1. e4 e5 2. Nf3 Nc6 3. Bc4 Nf6 4. d4 exd4 5. e5 Ng4 6. O-O Be7 7. h3 Ngxe5
8. Nxe5 Nxe5 9. Qxd4 Nxc4 10. Qxc4 O-O 11. Nc3 b6 12. Re1 Re8 13. Nd5 Bd6
14. Bg5 Rxe1+ 15. Rxe1 Qf8 16. Be7 Bxe7 17. Nxe7+ Kh8 18. Qxc7 Ba6 19. Qxd7
Qd8 20. Qf5 Bb7 21. Qxf7 Ba6 22. Re4 Qf8 23. Ng6+ {Black resigns} 1-0